Map: Lockdown LE

Players

GhostRobo - Winner!

  • Race: Terran Terran
  • Spawn Location: 1:00

A.I. 1 (Elite)

  • Race: Zerg Zerg
  • Spawn Location: 7:00

VOD

Have the link to the VOD?

Description

Time

  • Played on: July 5, 2026, 7:44 a.m.
  • Length: 19:17
Show
View Real Time Build Order
Export as new Build Order

GhostRobo Terran - Winner!

Build Orders: Reaper Expand 

Get SALT Encoding   

  8  0:00  SCV  
  9  0:12  SCV  
  11  0:28  SCV  
  11  0:30  Supply Depot  
  11  0:41  SCV  
  12  0:55  Barracks  
  12  1:00  Refinery  
  12  1:03  SCV  
  13  1:15  SCV  
  14  1:27  SCV  
  15  1:41  Orbital Command  
  15  1:44  Reaper  
  16  2:17  SCV, Command Center  
  16  2:19  Marine  
  18  2:30  Supply Depot, SCV  
  19  2:38  Barracks Reactor  
  19  2:43  SCV  
  20  2:54  Factory  
  20  2:58  SCV  
  21  3:10  SCV  
  21  3:22  SCV, Marine x2  
  24  3:29  Orbital Command  
  25  3:34  SCV  
  25  3:37  Refinery  
  25  3:42  Starport  
  25  3:46  SCV  
  26  3:53  Barracks Tech Lab  
  26  3:56  SCV  
  26  3:58  Supply Depot, SCV  
  28  4:04  Hellion x2  
  28  4:09  SCV  
  33  4:13  SCV  
  34  4:21  SCV, Supply Depot  
  35  4:25  SCV  
  36  4:34  Barracks Tech Lab  
  36  4:37  Barracks  
  36  4:38  SCV x2  
  38  4:40  Barracks  
  38  4:43  Banshee  
  41  4:46  Cloaking Field  
  41  4:50  SCV x2  
  43  4:56  Hellion  
  43  4:58  Hellion  
  47  5:02  Stimpack, SCV x2  
  49  5:11  Marine  
  50  5:14  SCV  
  50  5:16  Supply Depot, SCV  
  52  5:26  SCV  
  53  5:28  Marine  
  53  5:32  Command Center  
  54  5:36  Banshee  
  54  5:41  Barracks Reactor x2  
  57  5:45  Widow Mine  
  57  5:46  Marine  
  60  5:53  Supply Depot, SCV x2  
  62  6:01  Refinery  
  62  6:03  Refinery  
  62  6:04  Marine  
  62  6:05  SCV x2  
  65  6:15  Hellion, Widow Mine  
  65  6:16  Supply Depot  
  65  6:17  SCV  
  70  6:22  Marine  
  71  6:36  Widow Mine  
  71  6:40  Marine  
  71  6:43  Marine x3  
  71  6:44  Widow Mine  
  77  6:57  Marine  
  77  6:58  Widow Mine, Barracks  
  77  6:59  Starport Reactor  
  80  7:02  Orbital Command, Engineering Bay, Barracks  
  80  7:03  Engineering Bay, SCV x2  
  80  7:15  SCV x2  
  80  7:27  SCV x2  
  80  7:29  Marine x2  
  84  7:32  Orbital Command  
  84  7:35  Terran Infantry Weapons Level 1, Terran Infantry Armor Level 1  
  84  7:39  SCV  
  84  7:40  SCV  
  86  7:50  Widow Mine x2  
  90  7:51  SCV  
  90  7:52  SCV  
  90  7:55  Barracks Reactor  
  90  7:56  Marine x3  
  95  8:11  Supply Depot x2  
  95  8:33  Marine x6, SCV x2, Medivac x2, Supply Depot, Widow Mine x2  
  111  8:43  Supply Depot  
  111  8:44  Supply Depot, Command Center  
  111  8:54  Marine x6  
  111  8:55  SCV x2  
  119  9:04  Marine  
  119  9:05  Medivac x2, SCV, Widow Mine, Marine  
  119  9:07  SCV x2  
  130  9:12  Marine x5  
  135  9:20  Supply Depot  
  135  9:23  Supply Depot  
  135  9:25  Supply Depot, Armory  
  135  9:34  Marine x4  
  135  9:35  Marine, SCV x2, Medivac  
  135  9:36  Medivac  
  135  9:38  Marine, SCV  
  135  9:39  Marine x2  
  122  9:47  SCV x2  
  122  9:50  SCV  
  122  9:51  Marine x2  
  122  9:52  Marine  
  122  9:56  Marine x2  
  122  9:57  Marine x2  
  122  9:59  SCV x2  
  125  10:02  SCV  
  125  10:05  Medivac  
  125  10:06  Medivac  
  129  10:09  Marine x2  
  129  10:10  Marine  
  129  10:12  SCV  
  133  10:14  Marine x2, SCV  
  133  10:17  SCV  
  137  10:23  Marine  
  137  10:24  SCV, Marine x3, Refinery  
  137  10:25  Refinery, Siege Tank  
  137  10:26  SCV  
  137  10:27  Marine x2  
  137  10:28  Marine  
  148  10:29  SCV  
  148  10:32  Marine x2  
  148  10:35  Medivac  
  154  10:36  SCV, Medivac  
  154  10:38  SCV  
  154  10:41  SCV, Marine x3  
  154  10:42  Marine, Ghost Academy  
  163  10:45  Marine x2  
  163  10:46  Marine  
  163  10:48  SCV  
  167  10:50  Marine x2, SCV  
  167  10:53  Terran Infantry Weapons Level 2, SCV  
  172  11:04  Supply Depot  
  172  11:05  SCV, Planetary Fortress  
  172  11:09  Supply Depot  
  172  11:10  Supply Depot  
  172  11:23  Supply Depot  
  172  11:24  Supply Depot  
  172  11:25  Supply Depot  
  172  11:26  Marine x7, SCV  
  172  11:28  Supply Depot  
  172  11:30  Marine x2, SCV x2, Siege Tank  
  172  11:31  Medivac x2  
  191  11:38  SCV  
  192  11:43  Marine x3  
  192  11:44  Marine x4  
  196  11:48  Marine x2  
  181  12:01  Marine x3, Medivac x2  
  181  12:02  Marine x4  
  181  12:03  Siege Tank  
  181  12:06  Marine x2  
  153  12:20  Ghost  
  156  12:29  Terran Infantry Armor Level 2  
  153  12:31  Medivac x2  
  153  12:32  Terran Vehicle Weapons Level 1  
  153  12:34  Marine  
  153  12:35  Marine x5, Siege Tank  
  166  12:39  Command Center  
  166  12:48  Ghost  
  169  12:54  Marine  
  169  12:55  Marine x5  
  169  12:57  SCV  
  169  12:58  SCV  
  177  13:01  Medivac x2  
  181  13:07  Siege Tank  
  184  13:17  Ghost  
  184  13:18  Marine x4  
  191  13:23  Command Center  
  191  13:26  Supply Depot  
  191  13:31  Supply Depot  
  191  13:46  Ghost, Marine x7, Siege Tank, SCV x2  
  191  13:47  SCV, Marine  
  177  13:59  SCV x2  
  165  14:04  Marine x7  
  165  14:05  Marine  
  165  14:06  Medivac  
  162  14:14  Ghost  
  157  14:18  Siege Tank  
  157  14:22  Marine x5  
  150  14:36  Marine x3  
  150  14:37  Medivac  
  154  14:39  Marine x4  
  154  14:40  Marine  
  154  14:43  Ghost  
  162  14:50  Siege Tank  
  164  14:53  Marine  
  164  14:54  Marine x2  
  164  14:57  Marine x3  
  169  15:07  Marine x2  
  167  15:11  Marine  
  167  15:12  Marine x2, Marauder  
  167  15:13  Planetary Fortress  
  170  15:15  Marine x3  
  173  15:23  Siege Tank  
  173  15:24  Marine  
  173  15:25  Marine  
  172  15:29  Marine x3  
  172  15:33  Marauder  
  175  15:47  Marine x8  
  183  15:50  Terran Infantry Weapons Level 3  
  183  15:54  Marine  
  183  15:55  Siege Tank  
  187  16:05  Marine x8  
  193  16:12  Marine  
  194  16:21  Refinery  
  194  16:23  Marine x6, Command Center  
  193  16:40  Marine  
  193  16:41  Marine x2  
  190  17:26  Refinery  
  190  17:29  Refinery  
  186  18:28  Planetary Fortress  
  186  18:34  Orbital Command  
  186  18:39  Command Center  
  186  18:43  Command Center  
  186  18:45  Command Center  
  186  18:47  Command Center  
Show
View Real Time Build Order
Export as new Build Order

A.I. 1 (Elite) Zerg 

Build Orders: Pool First, Swarm Host 

Get SALT Encoding   

  8  0:00  Drone  
  9  0:10  Drone  
  10  0:16  Drone  
  11  0:21  Drone  
  12  0:33  Overlord  
  12  0:51  Drone x3  
  15  1:01  Drone  
  16  1:10  Spawning Pool  
  15  1:12  Drone  
  16  1:20  Drone  
  17  1:39  Hatchery  
  16  1:43  Drone  
  17  1:47  Extractor  
  17  1:49  Drone  
  17  1:53  Drone  
  18  2:00  Drone  
  19  2:10  Overlord  
  19  2:20  Drone  
  19  2:22  Extractor  
  19  2:27  Queen  
  21  2:30  Zergling x2  
  22  2:40  Drone  
  23  2:51  Queen  
  25  2:53  Drone  
  26  3:01  Drone  
  26  3:05  Drone  
  28  3:10  Drone  
  29  3:15  Drone  
  29  3:28  Roach Warren  
  29  3:30  Drone  
  29  3:32  Drone  
  30  3:36  Zergling x2  
  30  3:40  Zergling x2  
  32  3:47  Overlord  
  32  4:05  Drone x2  
  32  4:09  Roach x3  
  40  4:17  Lair  
  40  4:21  Overlord  
  40  4:27  Overlord  
  40  4:40  Zergling x6, Roach, Drone x2  
  40  4:42  Drone  
  40  4:45  Drone  
  49  4:47  Drone  
  49  4:51  Overlord  
  50  4:55  Roach  
  50  4:59  Roach  
  54  5:10  Drone  
  54  5:13  Overlord  
  55  5:16  Hydralisk Den, Drone  
  55  5:18  Drone  
  55  5:20  Drone  
  57  5:22  Drone  
  57  5:24  Drone  
  57  5:27  Drone  
  60  5:28  Drone  
  60  5:30  Drone  
  60  5:32  Drone  
  63  5:36  Overlord  
  63  5:38  Drone  
  63  5:40  Drone  
  63  5:41  Drone  
  66  5:44  Drone  
  66  5:48  Drone  
  68  5:51  Drone, Hydralisk  
  68  5:52  Drone  
  68  5:54  Hydralisk  
  74  5:59  Overlord  
  74  6:01  Drone  
  75  6:05  Roach, Infestation Pit  
  75  6:06  Drone  
  75  6:11  Metabolic Boost  
  77  6:16  Evolution Chamber, Roach  
  77  6:18  Drone  
  79  6:20  Overlord  
  79  6:23  Roach  
  79  6:25  Roach  
  83  6:32  Overseer  
  82  6:36  Drone  
  82  6:42  Infestor x2, Drone, Overlord  
  82  6:43  Zerg Melee Weapons Level 1  
  82  6:46  Drone  
  85  6:52  Drone  
  84  6:54  Drone  
  84  6:56  Drone  
  79  7:01  Drone  
  79  7:05  Drone  
  76  7:09  Hydralisk  
  76  7:11  Drone  
  76  7:13  Drone  
  76  7:15  Drone  
  81  7:16  Drone  
  82  7:27  Evolution Chamber  
  82  7:29  Drone  
  82  7:31  Ravager  
  82  7:34  Extractor  
  82  7:35  Drone  
  83  7:37  Extractor, Hatchery  
  83  7:41  Drone  
  83  7:42  Drone  
  83  7:45  Roach  
  83  7:49  Ravager  
  86  7:53  Zerg Ground Armor Level 1  
  86  7:54  Roach  
  86  7:55  Drone  
  86  7:56  Drone x2  
  91  7:59  Drone  
  91  8:02  Overlord  
  92  8:06  Drone  
  92  8:11  Hydralisk x2  
  97  8:21  Infestor, Overlord  
  99  8:32  Spine Crawler  
  98  8:35  Infestor  
  98  8:36  Spine Crawler  
  98  8:37  Drone, Zerg Missile Weapons Level 1, Roach  
  98  8:40  Roach  
  104  8:42  Roach, Overlord  
  104  8:47  Queen  
  108  8:49  Drone  
  108  8:50  Drone x4  
  108  8:55  Extractor  
  112  8:56  Neural Parasite  
  112  8:57  Drone  
  112  8:58  Drone  
  112  8:59  Drone  
  115  9:05  Extractor  
  115  9:06  Glial Reconstitution  
  115  9:07  Drone  
  115  9:08  Drone  
  115  9:09  Drone  
  117  9:14  Overlord  
  117  9:15  Drone x2, Pneumatized Carapace, Spore Crawler  
  118  9:17  Drone  
  118  9:18  Spore Crawler, Drone  
  118  9:20  Drone  
  118  9:23  Overseer  
  120  9:27  Drone  
  120  9:28  Drone  
  120  9:30  Drone  
  123  9:33  Baneling Nest  
  123  9:37  Zergling x2  
  123  9:38  Zergling x2  
  110  9:40  Drone  
  110  9:45  Queen  
  99  9:46  Lurker Den, Hydralisk, Drone, Roach  
  99  9:47  Drone  
  99  9:49  Drone  
  99  9:51  Roach  
  103  9:57  Roach, Hydralisk  
  97  10:01  Drone, Ravager  
  97  10:06  Ravager  
  102  10:07  Roach  
  102  10:08  Roach  
  102  10:11  Drone  
  105  10:14  Hydralisk  
  105  10:15  Drone, Roach  
  105  10:16  Drone  
  105  10:17  Baneling x2  
  105  10:18  Zergling x2, Baneling  
  112  10:21  Hatchery  
  112  10:22  Zergling x2  
  112  10:26  Hydralisk, Drone, Roach  
  112  10:27  Overlord  
  116  10:29  Drone  
  116  10:32  Roach  
  119  10:36  Roach  
  119  10:38  Infestor  
  119  10:39  Baneling  
  119  10:40  Baneling  
  119  10:42  Zergling x2  
  124  10:43  Baneling x2  
  124  10:44  Zergling x2  
  124  10:46  Overlord, Hydralisk, Lurker  
  128  10:54  Infestor  
  128  10:56  Roach  
  132  10:57  Roach  
  132  10:59  Roach  
  132  11:01  Spine Crawler  
  132  11:03  Spine Crawler, Baneling  
  132  11:04  Baneling, Zergling x2, Overlord  
  135  11:05  Baneling x2, Zergling x2  
  136  11:11  Centrifugal Hooks  
  136  11:20  Zerg Missile Weapons Level 2  
  136  11:28  Drone  
  136  11:31  Zerg Ground Armor Level 2  
  136  11:32  Queen  
  136  11:33  Drone x2  
  136  11:34  Drone, Overlord  
  136  11:38  Burrow  
  141  11:40  Hydralisk  
  141  11:43  Hydralisk, Zergling x2  
  141  11:45  Extractor  
  141  11:46  Hatchery, Drone  
  146  11:47  Drone  
  146  11:48  Spore Crawler  
  146  11:49  Queen, Drone  
  146  11:50  Spore Crawler  
  146  11:51  Drone  
  146  11:52  Spine Crawler  
  146  11:53  Drone  
  141  11:55  Extractor  
  141  11:56  Drone  
  141  12:00  Zergling x4  
  137  12:03  Spire  
  137  12:04  Drone  
  121  12:11  Zergling x2  
  121  12:12  Roach  
  121  12:13  Spine Crawler  
  121  12:14  Roach, Drone  
  121  12:15  Roach  
  105  12:17  Roach  
  105  12:18  Roach  
  105  12:22  Zergling x2, Drone  
  104  12:23  Zergling x2  
  104  12:26  Swarm Host  
  104  12:29  Baneling x5  
  108  12:31  Roach  
  108  12:32  Baneling, Zergling x2  
  108  12:34  Lurker, Overseer  
  115  12:39  Hydralisk  
  115  12:43  Baneling x2, Zergling x2  
  115  12:44  Baneling x2, Zergling x2  
  121  12:50  Spine Crawler, Baneling  
  121  12:51  Drone, Baneling, Zergling x2  
  123  12:57  Infestor  
  123  12:58  Queen  
  125  13:04  Extractor, Baneling  
  125  13:05  Drone, Baneling, Zergling x2  
  128  13:06  Baneling x2, Zergling x2  
  128  13:09  Infestor, Baneling x2, Zergling x2  
  128  13:11  Mutalisk  
  134  13:14  Mutalisk  
  134  13:15  Extractor  
  134  13:17  Drone  
  134  13:19  Mutalisk  
  138  13:23  Mutalisk, Baneling  
  138  13:24  Zergling x2, Baneling  
  141  13:28  Mutalisk  
  141  13:33  Mutalisk  
  145  13:34  Overlord  
  145  13:36  Spine Crawler  
  145  13:37  Drone, Swarm Host  
  145  13:40  Swarm Host, Drone  
  151  13:42  Roach  
  151  13:43  Roach  
  151  13:44  Spine Crawler  
  151  13:45  Drone  
  151  13:46  Zergling x10  
  151  13:47  Zergling x6, Spine Crawler, Drone  
  147  13:48  Zergling x2  
  147  13:51  Roach  
  147  13:52  Mutalisk  
  147  13:55  Roach  
  131  13:57  Roach, Overseer  
  131  14:00  Roach  
  131  14:02  Drone  
  131  14:03  Hydralisk  
  131  14:05  Drone  
  131  14:06  Drone x2  
  131  14:08  Zergling x2  
  131  14:09  Zergling x2  
  118  14:10  Roach  
  118  14:12  Roach  
  118  14:13  Drone  
  118  14:14  Drone  
  118  14:17  Roach  
  118  14:19  Hydralisk  
  118  14:21  Zergling x2  
  118  14:22  Zergling x2  
  118  14:23  Roach  
  107  14:24  Swarm Host  
  107  14:26  Roach  
  107  14:28  Roach  
  107  14:29  Swarm Host  
  108  14:32  Swarm Host  
  108  14:33  Zergling x2  
  108  14:35  Mutalisk  
  108  14:36  Roach  
  108  14:38  Roach  
  114  14:39  Mutalisk  
  114  14:41  Drone, Mutalisk  
  114  14:42  Baneling x2  
  114  14:43  Zergling x2  
  114  14:44  Roach  
  119  14:45  Zergling x2  
  119  14:47  Mutalisk  
  119  14:49  Mutalisk  
  119  14:52  Drone  
  120  14:53  Drone x2  
  120  14:55  Baneling x2, Roach  
  120  14:58  Roach  
  117  15:00  Roach  
  117  15:02  Zergling x2  
  117  15:03  Hydralisk  
  117  15:05  Drone  
  117  15:07  Drone  
  115  15:08  Drone  
  115  15:10  Drone  
  115  15:11  Drone  
  111  15:21  Zergling x2  
  93  15:23  Roach  
  93  15:25  Roach  
  93  15:27  Roach  
  89  15:28  Drone  
  89  15:30  Drone  
  89  15:32  Drone  
  89  15:33  Roach  
  89  15:34  Drone  
  93  15:36  Drone  
  93  15:37  Drone  
  93  15:39  Drone  
  93  15:40  Drone  
  93  15:42  Drone x2  
  99  15:44  Drone  
  99  15:45  Zergling x2  
  99  15:47  Zergling x2  
  99  15:48  Swarm Host  
  89  15:52  Roach  
  89  15:54  Roach  
  89  15:56  Swarm Host  
  88  15:58  Drone  
  88  15:59  Drone  
  88  16:00  Roach  
  88  16:01  Drone  
  88  16:02  Drone  
  87  16:04  Drone  
  87  16:06  Drone, Hydralisk  
  87  16:07  Roach x3  
  75  16:24  Hydralisk  
  75  16:25  Zergling x2, Drone, Roach  
  68  16:31  Drone  
  67  16:33  Drone  
  67  16:34  Zergling x2, Drone, Roach x2  
  69  16:46  Zergling x2  
  61  16:50  Drone x3  
  61  16:51  Drone x3  
  61  16:52  Drone, Lair  
  47  17:01  Drone  
  47  17:02  Drone x2  
  47  17:05  Drone  
  47  17:07  Spawning Pool  
  32  17:21  Drone  
  32  17:22  Drone  
  32  17:30  Drone  
  32  17:31  Drone  
  27  17:39  Drone  
  27  17:40  Drone  
  27  17:48  Drone  
  27  17:51  Overseer  
  27  17:54  Drone  
  27  17:55  Zergling x2  
  12  18:07  Overlord  
  11  18:15  Hatchery  
  10  18:22  Spawning Pool  
  7  18:30  Drone  
  7  18:38  Drone  
  7  18:59  Drone  
Tags
 
Add a new tag
Caveats
  • Supply blocks, unpowered buildings, or Contaminate may cause inaccurate times.
  • Supply counts are checked every 10 seconds.